 Dungeon Crawl Stone Soup version 0.31-a0-437-g7cee417757 (webtiles) character file.

Game seed: 784018317993053556

169266 MacCMillion the Metamorph (level 17, -2/223 HPs)
             Began as a Grey Draconian Shapeshifter on Aug 2, 2023.
             Was the Champion of Okawaru.
             Slain by a naga warrior
             ... wielding a +0 scimitar
              (12 damage)
             ... on level 4 of the Snake Pit.
             The game lasted 01:15:28 (36476 turns).

MacCMillion the Metamorph (DrSh)                   Turns: 36476, Time: 01:15:28

Health: -2/223     AC: 26    Str: 32    XL:     17   Next: 35%
Magic:  26/26      EV: 15    Int:  4    God:    Okawaru [******]
Gold:   2361       SH:  0    Dex: 24    Spells: 24/28 levels left

rFire   + .          .
                       - Unarmed
rCold   x . .        R - melded +0 buckler "Zies" {Drain Regen+ Str+3 Dex+8}
rNeg    . . .        (body armour unavailable)
rPois   +            (helmet currently unavailable)
rElec   +            I - melded +2 cloak
rCorr   +            Y - melded +2 pair of gloves {Str+3}
SInv    +            (boots currently unavailable)
Will    ++...        B - amulet of the acrobat
Stlth   +++          X - ring of Upsufuk {Fire +Blink Dex+3 SInv}
HPRegen 0.57/turn    F - ring "Intead" {rElec Will+ rCorr Int-4 Dex+5}
MPRegen 0.20/turn

%: acrobat
@: dragon-form, untranslocatable, flying, hasted, very quick
A: dragon claw, dragon scales, flying, boosted hp, AC +14, amphibious, giant,
unfitting armour, (cold-blooded)
a: Begin Untransformation, Renounce Religion, Evoke Blink, Heroism, Finesse,
Duel


You were on level 4 of the Snake Pit.
You worshipped Okawaru.
Okawaru was exalted by your worship.
You were a fearsome iron dragon!
You visited 5 branches of the dungeon, and saw 27 of its levels.
You also visited: Ossuary and Bailey.

You collected 3670 gold pieces.
You spent 1309 gold pieces at shops.

Inventory:

Missiles
 n - a curare-tipped dart
 U - 3 darts of dispersal
Armour
 I - a +2 cloak (melded)
 R - the +0 buckler "Zies" (melded) {Drain Regen+ Str+3 Dex+8}
   (Okawaru gifted it to you on level 1 of the Lair of Beasts)

   Str:       It affects your strength (+3).
   Dex:       It affects your dexterity (+8).
   Regen:     It increases your rate of health regeneration.
   Drain:     It drains your maximum health when unequipped.
 Y - a +2 pair of gloves of strength (melded)
Jewellery
 i - a ring of positive energy
 j - a ring of flight
 B - an amulet of the acrobat (around neck)
 F - the ring "Intead" (right foreclaw) {rElec Will+ rCorr Int-4 Dex+5}
   (You found it in a bailey)

   [ring of willpower]

   Int:       It affects your intelligence (-4).
   Dex:       It affects your dexterity (+5).
   rElec:     It insulates you from electricity.
   rCorr:     It protects you from acid and corrosion.
   Will:      It increases your willpower.
 H - a ring of magical power
 O - a +6 ring of dexterity
 P - a +6 ring of intelligence
 V - a +6 ring of strength
 X - the ring of Upsufuk (left foreclaw) {Fire +Blink Dex+3 SInv}
   (You found it on level 12 of the Dungeon)

   [ring of fire]

   It enhances your fire magic.
   Dex:       It affects your dexterity (+3).
   rF:        It protects you from fire.
   rC:        It makes you vulnerable to cold.
   SInv:      It lets you see invisible.
   +Blink:    It lets you blink.
 Z - a ring of magical power
Talismans
 b - a dragon-blood talisman (active)
 t - a maw talisman
Wands
 o - a wand of charming (15)
 G - a wand of mindburst (30)
 J - a wand of light (29)
 N - a wand of iceblast (13)
Scrolls
 c - 6 scrolls of enchant weapon
 d - 3 scrolls of butterflies
 q - 4 scrolls of enchant armour
 r - 6 scrolls of silence
 u - 4 scrolls of blinking
 v - 3 scrolls of fear
 w - 4 scrolls of immolation
 x - 2 scrolls of fog
 y - 7 scrolls of teleportation
 D - 10 scrolls of revelation
 Q - 8 scrolls of vulnerability
 S - 2 scrolls of poison
 T - 3 scrolls of amnesia
Potions
 a - 7 potions of lignification
 e - 10 potions of curing
 f - 8 potions of heal wounds
 g - 6 potions of magic
 h - 3 potions of cancellation
 k - 5 potions of enlightenment
 l - 6 potions of brilliance
 m - 2 potions of resistance
 p - 5 potions of might
 s - 3 potions of haste
 z - 6 potions of invisibility
 A - 5 potions of attraction
 C - a potion of berserk rage
 E - a potion of experience
 L - 6 potions of ambrosia
 M - 2 potions of degeneration {unknown}
 W - 3 potions of mutation {unknown}
Miscellaneous
 K - a phial of floods


   Skills:
 + Level 13.0 Fighting
 + Level 10.8 Dodging
 - Level 3.0 Stealth
 - Level 4.0 Shields
 + Level 15.0 Unarmed Combat
 - Level 6.0 Spellcasting
 - Level 11.0 Translocations
 - Level 8.0 Invocations
 + Level 15.7 Shapeshifting


You had 24 spell levels left.
You knew the following spells:

 Your Spells              Type           Power      Damage    Failure   Level
a - Manifold Assault      Tloc           10%        N/A       3%          4

Your spell library contained the following spells:

 Spells                   Type           Power      Damage    Failure   Level
 Blink                    Tloc           20%        N/A       1%          2
 Passage of Golubria      Tloc           10%        N/A       3%          4
 Portal Projectile        Hex/Tloc       10%        N/A       10%         3
 Vhi's Electric Charge    Tloc/Air       10%        N/A       10%         3
 Freeze                   Ice            4%         1d3       30%         1
 Slow                     Hex            4%         N/A       30%         1
 Cigotuvi's Dreadful Rot  Necr/Pois/Air  2%         N/A       43%         2
 Static Discharge         Conj/Air       2%         2-3/arc   43%         2
 Confusing Touch          Hex            1%         N/A       67%         3
 Frozen Ramparts          Ice            2%         1d1       67%         3
 Hailstorm                Conj/Ice       1%         3d3       67%         3
 Ignite Poison            Fire/Tmut/Pois 1%         N/A       67%         3
 Vampiric Draining        Necr           1%         2d6       67%         3
 Airstrike                Air            0%         2d(1-17)  97%         4
 Dispel Undead            Necr           1%         3d6       97%         4
 Sticky Flame             Conj/Fire      1%         2d3       97%         4
 Arcjolt                  Conj/Air       0%         1d10      100%        5
 Yara's Violent Unravell  Hex/Tmut       0%         3d3       100%        5
 Plasma Beam              Fire/Air       0%         2x1d10    100%        6
 Orb of Destruction       Conj           0%         9d5       100%        7
 Ignition                 Fire           0%         3d3       100%        8
 Summon Small Mammal      Summ           Unusable   N/A       N/A         1
 Call Canine Familiar     Summ           Unusable   N/A       N/A         3
 Summon Guardian Golem    Hex/Summ       Unusable   N/A       N/A         3
 Tukima's Dance           Hex            Unusable   N/A       N/A         3
 Summon Lightning Spire   Summ/Air       Unusable   N/A       N/A         4
 Death Channel            Necr           Unusable   N/A       N/A         6
 Haunt                    Necr/Summ      Unusable   N/A       N/A         7
 Spellforged Servitor     Conj/Summ      Unusable   N/A       N/A         7

Dungeon Overview and Level Annotations

Branches:
Dungeon (15/15)            Temple (1/1) D:7            Lair (5/5) D:11
  Swamp (0/4) Lair:3        Snake (4/4) Lair:3        Slime (0/5) Lair:5
    Orc (2/2) D:12            Elf (0/3) Orc:2        Vaults (0/5) D:13
 Depths (0/4) D:15        Ossuary (visited)          Bailey (visited)

Altars:
Ashenzari
Cheibriados
Dithmenos
Elyvilon
Fedhas
Gozag
Hepliaklqana
Kikubaaqudgha
Makhleb
Nemelex Xobeh
Okawaru
Qazlal
Ru
Sif Muna
Trog
Uskayaw
Vehumet
Wu Jian
Xom
Yredelemnul
Zin
The Shining One
Jiyva
Lugonu

Shops:
D:12 ?*:[   Orc:2 (=[=   Snake:2 *

Annotations:
D:8 1 runed translucent door, mertasd123's ghost, novice TrSh
D:9 exclusion: ice statue


Innate Abilities, Weirdness & Mutations

You are a fearsome iron dragon!
You have a powerful clawing attack.
Your giant scaled body is strong and resiliant, but less evasive.
You are flying.
Your maximum health is greatly increased.
Your armour is entirely melded.
You are incapable of wielding weapons or throwing items.
Your dull iron-grey scales are very hard. (AC +14)
You are amphibious.
You cannot fit into any form of body armour.
((You are cold-blooded and may be slowed by cold attacks.))


Message History

You feel very sick. The nagaraja hits you with a +0 club.
* * * LOW HITPOINT WARNING * * *
The nagaraja gestures at you while chanting.
The poison arrow hits you!
You are more poisoned.
You partially resist.
* * * LOW HITPOINT WARNING * * *
The naga warrior howls, "Help!"
The nagaraja casts a spell at you. You resist with some effort.
You feel yourself speed up.
You feel very sick. The nagaraja casts a spell at you.
The poison arrow hits you!
You are more poisoned.
You partially resist.
* * * LOW HITPOINT WARNING * * *
The nagaraja gestures at you while chanting.
The bolt of poison hits you!
You are lethally poisoned!
You resist.
* * * LOW HITPOINT WARNING * * *
The guardian serpent coils itself and waves its upper body at you.
The guardian serpent blinks!
The naga warrior blinks!
The nagaraja casts a spell at you. The poison arrow misses you.
The poison arrow hits the naga warrior!
The naga warrior partially resists.
The naga warrior is poisoned.
The nagaraja's attack snaps the naga warrior out of its fear.
The naga mage moans, "Oh dear!
Oh dear!"
Cornered, the naga mage turns to fight!
You feel better.
The nagaraja hits you but does no damage.
The guardian serpent hits you but does no damage.
The nagaraja hits you with a +0 whip!
* * * LOW HITPOINT WARNING * * *
You feel much better. The nagaraja hits you with a +0 club!!
* * * LOW HITPOINT WARNING * * *
The naga warrior hits you with a +0 scimitar!
You die...

#..~≈≈≈≈≈.~##.....##....
#.~≈≈≈≈~.~≈##....##.###
#)~~~~...~≈≈#.#.####...
#......~~~≈##...##.####
#.~~≈.~≈≈ #.#.#.#...#
#≈≈§~# ##...##...# #≈.S#
###...##...## ##NN#
##....###....#
#ND###....## ##....
##SN..S#### ##.#.
##...##.## ##..
#####...## ##. #..#.##
## ##....## # ##)#..##
##..#.## ##.#..##


You could see 2 nagarajas, a naga warrior (very poisoned), 3 guardian serpents
and a naga mage (strong).

Vanquished Creatures
  Vashnia (Snake:2)
  Nikola (Snake:3)
  Aizul (Snake:1)
  Donald (Snake:1)
  7 nagarajas
  A juggernaut zombie (D:15)
  Nessos (D:12)
  Azrael (Snake:1)
  Josephine (D:14)
  An entropy weaver (shapeshifter) (D:15)
  2 salamander tyrants
  A rakshasa (D:15)
  An ogre mage (D:15)
  5 hydras
  11 anacondas
  8 death yaks
  3 centaur warriors
  A death knight (D:13)
  5 catoblepae
  4 two-headed ogres
  3 boulder beetles
  18 naga warriors
  3 orc high priests (Orc:2)
  12 naga sharpshooters
  5 shock serpents
  Nergalle (Orc:1)
  Amaemon (D:9)
  2 skeletal warriors (D:15)
  A titan skeleton (D:15)
  3 skysharks
  2 salamander mystics
  4 spectral anacondas (Snake:3)
  A golden dragon zombie (D:15)
  2 deep elf archers (D:15)
  5 anaconda zombies (Snake:3)
  A bog body (Lair:3)
  3 sea snakes (Snake:4)
  A tengu zombie (D:15)
  3 phantasmal warriors
  5 anaconda skeletons (Snake:3)
  A necromancer (D:15)
  A naga ritualist (Snake:2)
  A deep elf pyromancer (D:15)
  7 orc knights
  A deep elf zephyrmancer (D:15)
  4 mana vipers
  3 orc sorcerers (Orc:2)
  2 cyclopes (D:14)
  4 manticores
  13 salamanders
  32 black mambas
  6 elephants
  6 guardian serpents
  An orange demon (D:9)
  2 gargoyles (D:12)
  13 cane toads
  7 torpor snails
  15 naga magi
  2 efreet
  5 anaconda simulacra (Snake:3)
  A kobold demonologist (D:13)
  9 komodo dragons
  3 rime drakes
  3 freezing wraiths
  3 polar bears
  A meliai (shapeshifter) (D:13)
  9 trolls
  A polar bear (shapeshifter) (D:15)
  3 hornets
  21 dream sheep
  25 blink frogs
  5 slime creatures (D:14)
  7 wraiths
  4 shadows (D:12)
  5 wyverns
  43 yaks
  8 basilisks
  4 fire elementals (Snake:1)
  A steam dragon (D:8)
  9 vampire mosquitoes
  A warg (Orc:1)
  An acid dragon (D:8)
  52 nagas
  4 hell hounds (Snake:1)
  15 water moccasins
  Duvessa (D:4)
  Pargi (D:4)
  27 orc warriors
  6 ice beasts (D:9)
  A sky beast (D:7)
  4 black bears
  7 ogres
  13 wolves
  10 centaurs
  4 boggarts (Lair:5)
  2 phantoms
  13 bullfrogs
  2 kobold brigands
  A gnoll sergeant (D:11)
  2 scorpions
  11 wights
  A water moccasin zombie (Ossuary)
  Dowan (D:4)
  2 troll zombies (D:12)
  12 killer bees
  4 howler monkeys
  7 electric eels
  2 vampire bats (D:10)
  9 hounds
  A gnoll bouda (D:6)
  21 orc priests
  4 jellies (Lair:5)
  5 hell rats (Lair:1)
  2 iguanas
  26 orc wizards
  6 ogre zombies (D:12)
  2 mummies (Ossuary)
  13 gnolls
  8 adders
  3 shadow imps
  2 ufetubi (D:6)
  6 adder zombies (Ossuary)
  2 worms (D:3)
  3 dart slugs
  92 orcs
  8 ball pythons
  6 bats
  2 bat skeletons (D:10)
  4 bat zombies (D:10)
  10 endoplasms
  7 giant cockroaches
  5 gnoll zombies (Ossuary)
  7 hobgoblins
  2 jackals (D:1)
  24 kobolds
  7 quokkas
  5 frilled lizards
  14 goblins
  3 goblin skeletons (D:12)
  A hobgoblin skeleton (D:12)
  7 hobgoblin zombies
  4 kobold zombies (Ossuary)
  An orc skeleton (D:12)
  19 orc zombies
  A quokka zombie (D:5)
  9 rats
  A rat zombie (D:5)
983 creatures vanquished.

Vanquished Creatures (others)
  A naga (Snake:3)
  An orc (D:6)
2 creatures vanquished.

Grand Total: 985 creatures vanquished

Notes
Turn   | Place    | Note
-------+----------+-------------------------------------------
     0 | D:1      | MacCMillion the Draconian Shapeshifter began the quest for
                  | the Orb.
     0 | D:1      | Reached XP level 1. HP: 16/16 MP: 1/1
    16 | D:1      | Reached XP level 2. HP: 16/23 MP: 2/2
   420 | D:1      | Reached XP level 3. HP: 29/29 MP: 3/3
  1015 | D:2      | Reached XP level 4. HP: 31/37 MP: 4/4
  1404 | D:3      | Found a blossoming altar of Fedhas.
  1694 | D:3      | Reached skill level 5 in Unarmed Combat
  1772 | D:3      | Reached XP level 5. HP: 45/45 MP: 5/5
  2047 | D:3      | Noticed a phantom
  2057 | D:3      | Killed a phantom
  2125 | D:3      | Found a sacrificial altar of Ru.
  2136 | D:3      | Reached XP level 6. HP: 42/52 MP: 6/6
  2631 | D:4      | Noticed Pargi
  2642 | D:4      | Killed Pargi
  2875 | D:4      | Noticed Duvessa
  2875 | D:4      | Noticed Dowan
  2904 | D:4      | Killed Duvessa
  2905 | D:4      | Your scales start taking on a dull iron-grey colour.
  2905 | D:4      | Reached XP level 7. HP: 55/60 MP: 7/7
  2915 | D:4      | Killed Dowan
  3181 | D:4      | Reached skill level 5 in Fighting
  3709 | D:5      | Entered Level 5 of the Dungeon
  3795 | D:5      | Reached XP level 8. HP: 63/70 MP: 8/8
  3910 | D:5      | Found a shadowy altar of Dithmenos.
  3985 | D:5      | Found a sand-covered staircase.
  3992 | Ossuary  | Entered an ossuary
  5058 | D:6      | Found a basalt altar of Yredelemnul.
  5226 | D:6      | Found an opulent altar of Gozag.
  5348 | D:6      | Found a sparkling altar of Nemelex Xobeh.
  5790 | D:6      | Reached XP level 9. HP: 79/79 MP: 9/9
  5840 | D:7      | Found a flagged portal.
  5855 | Bailey   | Entered a bailey
  5879 | Bailey   | Noticed an orc warlord
  5958 | Bailey   | Reached skill level 5 in Shapeshifting
  5988 | Bailey   | Found a runed translucent gate.
  5988 | Bailey   | Found a runed translucent gate.
  5988 | Bailey   | Found a runed translucent gate.
  6623 | Bailey   | Identified the ring "Intead" {rElec Will+ rCorr Int-4
                  | Dex+5}
  6677 | D:7      | Identified the +4 hand axe of Manohar {drain, Fly rPois}
  7305 | D:7      | Found a staircase to the Ecumenical Temple.
  7337 | Temple   | Entered the Ecumenical Temple
  7354 | Temple   | Became a worshipper of Warmaster Okawaru
  8352 | D:8      | Reached * piety under Okawaru
  8610 | D:8      | Reached XP level 10. HP: 69/88 MP: 10/10
  9052 | D:8      | Found a burning altar of Makhleb.
  9189 | D:8      | Reached ** piety under Okawaru
  9273 | D:8      | Reached skill level 1 in Invocations
  9646 | D:8      | Found a runed translucent door.
  9650 | D:8      | Noticed mertasd123's ghost (novice TrSh)
 10262 | D:9      | Noticed an orange demon
 10262 | D:9      | Noticed Amaemon
 10291 | D:9      | Killed an orange demon
 10450 | D:9      | Killed Amaemon
 10900 | D:9      | Reached *** piety under Okawaru
 11393 | D:9      | Noticed an ice statue
 11509 | D:9      | Found a white marble altar of Elyvilon.
 11685 | D:9      | Reached skill level 10 in Unarmed Combat
 11916 | D:10     | Entered Level 10 of the Dungeon
 11957 | D:9      | Reached **** piety under Okawaru
 11958 | D:9      | Reached XP level 11. HP: 97/97 MP: 14/14
 12098 | D:10     | Got the Vellum of the Vexatious Escort
 12270 | D:10     | Found an ancient bone altar of Kikubaaqudgha.
 12489 | D:10     | Found a hide-covered altar of Uskayaw.
 12518 | D:10     | Found a snail-covered altar of Cheibriados.
 13224 | D:10     | Paralysed by a hornet for 1 turns
 13313 | D:10     | Found a hazy altar of Hepliaklqana.
 13315 | D:10     | Found an ornate altar of the Wu Jian Council.
 13413 | D:10     | Paralysed by a hornet for 2 turns
 13416 | D:10     | Reached ***** piety under Okawaru
 13725 | D:11     | Reached skill level 10 in Shapeshifting
 13917 | D:11     | Found a staircase to the Lair.
 14116 | D:11     | Reached skill level 10 in Fighting
 14863 | D:11     | Found an iron altar of Okawaru.
 15262 | D:11     | Noticed a two-headed ogre
 15270 | D:11     | Killed a two-headed ogre
 15467 | Lair:1   | Entered Level 1 of the Lair of Beasts
 15673 | Lair:1   | Identified the +0 buckler "Zies" {Drain Regen+ Str+3 Dex+8}
                  | (Okawaru gifted it to you on level 1 of the Lair of Beasts)
 15673 | Lair:1   | Received a gift from Okawaru
 16124 | Lair:1   | Reached skill level 1 in Stealth
 16124 | Lair:1   | Reached skill level 5 in Invocations
 16644 | Lair:2   | Reached XP level 12. HP: 83/105 MP: 16/16
 16709 | Lair:1   | Reached skill level 1 in Shields
 16808 | Lair:2   | Noticed a five-headed hydra
 16887 | Lair:2   | Killed a five-headed hydra
 17286 | Lair:2   | Noticed a death yak
 17881 | Lair:2   | Reached ****** piety under Okawaru
 18011 | Lair:2   | Noticed a death yak
 18056 | Lair:2   | Noticed a death yak
 18201 | Lair:2   | Killed a death yak
 18215 | Lair:2   | Killed a death yak
 18219 | Lair:2   | Killed a death yak
 18734 | Lair:3   | Identified the +6 bardiche "Zuthud" {holy, Fragile rElec
                  | Int+6} (Okawaru gifted it to you on level 3 of the Lair of
                  | Beasts)
 18734 | Lair:3   | Received a gift from Okawaru
 18737 | Lair:3   | Noticed a seven-headed hydra
 18738 | Lair:3   | Reached skill level 5 in Dodging
 19158 | Lair:3   | Reached XP level 13. HP: 113/113 MP: 18/18
 19630 | Lair:3   | Found a staircase to the Snake Pit.
 19641 | Lair:3   | Found a staircase to the Swamp.
 19898 | Lair:3   | Found a snail-covered altar of Cheibriados.
 20006 | Lair:3   | Received a gift from Okawaru
 21237 | Lair:4   | Received a gift from Okawaru
 21698 | Lair:5   | Entered Level 5 of the Lair of Beasts
 21698 | Lair:5   | Found a staircase to the Slime Pits.
 21965 | Lair:5   | Found a viscous altar of Jiyva.
 22059 | Lair:5   | Reached XP level 14. HP: 122/122 MP: 19/19
 23405 | Lair:5   | Received a gift from Okawaru
 24172 | Lair:5   | Found a staircase to the Slime Pits.
 24173 | Lair:5   | Found a viscous altar of Jiyva.
 24702 | D:12     | Identified the ring of Upsufuk {Fire +Blink Dex+3 SInv}
 24721 | D:12     | Found Fin Taok's Antique Armour Boutique.
 25076 | D:12     | Found Ijujov's Magic Scroll Shoppe.
 25397 | D:12     | Found Urphikh's Assorted Antiques.
 25404 | D:12     | Found a staircase to the Orcish Mines.
 25471 | D:12     | Noticed Nessos
 25484 | D:12     | Killed Nessos
 25597 | Orc:1    | Entered Level 1 of the Orcish Mines
 25694 | Orc:1    | Noticed Nergalle
 25703 | Orc:1    | Killed Nergalle
 25703 | Orc:1    | Received a gift from Okawaru
 25851 | Orc:2    | Entered Level 2 of the Orcish Mines
 25938 | Orc:2    | Found a staircase to the Elven Halls.
 26287 | Orc:2    | Found Zekialu's Antique Weapon Shop.
 26287 | Orc:2    | Found Hyoced's Jewellery Shoppe.
 26289 | Orc:2    | Found Domut's Jewellery Shop.
 26289 | Orc:2    | Found Mal Gut's Antique Armour Shoppe.
 26293 | Orc:2    | Identified the +1 quick blade of the Vase {heavy, rC+}
                  | (Okawaru gifted it to you on level 2 of the Orcish Mines)
 26293 | Orc:2    | Received a gift from Okawaru
 26352 | Orc:2    | Bought a dragon-blood talisman for 1280 gold pieces
 26507 | Orc:1    | Found a runed translucent door.
 26888 | D:12     | Bought a scroll labelled CAYT IRROLUCH for 29 gold pieces
 27042 | D:12     | Found Hexyteav's Self-Published Books.
 27437 | D:13     | You fall into a shaft and drop 2 floors!
 27437 | D:15     | Entered Level 15 of the Dungeon
 27588 | D:15     | Found a sacrificial altar of Ru.
 27729 | D:15     | Reached XP level 15. HP: 98/130 MP: 21/21
 27772 | D:15     | Found a staircase to the Depths.
 27955 | D:15     | Reached skill level 15 in Shapeshifting
 28118 | D:14     | Identified the +6 executioner's axe "Pikku" {drain, Drain
                  | rPois rC+} (Okawaru gifted it to you on level 14 of the
                  | Dungeon)
 28118 | D:14     | Received a gift from Okawaru
 28910 | D:13     | Found a gate to the Vaults.
 29318 | D:14     | Learned a level 4 spell: Manifold Assault
 29321 | D:14     | Noticed Josephine
 29342 | D:14     | Killed Josephine
 30366 | Snake:1  | Entered Level 1 of the Snake Pit
 30377 | Snake:1  | Noticed Azrael
 30384 | Snake:1  | Killed Azrael
 30384 | Snake:1  | Received a gift from Okawaru
 30385 | Snake:1  | Reached skill level 1 in Translocations
 30792 | Snake:1  | Noticed Aizul
 30798 | Snake:1  | Reached skill level 5 in Translocations
 30805 | Snake:1  | Killed Aizul
 31103 | Snake:1  | Reached skill level 1 in Spellcasting
 31432 | Snake:2  | Noticed Donald
 31445 | Snake:1  | Killed Donald
 31566 | Snake:2  | Reached XP level 16. HP: 139/139 MP: 22/22
 31834 | Snake:2  | Found Ananwel's CLEARANCE SALE!.
 32198 | Snake:2  | Noticed Vashnia
 32231 | Snake:2  | Killed Vashnia
 32231 | Snake:2  | Received a gift from Okawaru
 32829 | Snake:2  | Reached skill level 5 in Spellcasting
 33553 | Snake:3  | Received a gift from Okawaru
 33795 | Snake:3  | Reached skill level 10 in Translocations
 33821 | Snake:3  | Identified the +5 dagger "Ovesipn" {spect, Dex+2}
 34477 | Snake:3  | Noticed Nikola
 34486 | Snake:3  | Killed Nikola
 34487 | Snake:3  | Reached skill level 10 in Dodging
 34530 | Snake:3  | Received a gift from Okawaru
 35113 | Snake:3  | Identified a scroll of acquirement
 35114 | Snake:3  | Acquired 442 gold pieces
 35400 | Snake:4  | Entered Level 4 of the Snake Pit
 35757 | Snake:4  | Reached XP level 17. HP: 148/148 MP: 26/26
 35791 | Snake:4  | Received a gift from Okawaru
 36274 | Snake:4  | Reached skill level 15 in Unarmed Combat
 36306 | Snake:4  | Identified the +1 great mace "Ducw" {flame, *Rage rC+ MP+9
                  | Int+2} (Okawaru gifted it to you on level 4 of the Snake
                  | Pit)
 36306 | Snake:4  | Received a gift from Okawaru
 36476 | Snake:4  | HP: 10/223 [nagaraja/+0 club (28)]
 36476 | Snake:4  | Slain by a naga warrior

Illustrated notes

Levels and vault maps discovered:
D:1:      tarquinn_simple_flora_water_e, layout_loops_ring,
          minmay_misc_feat_alley
D:2:      layout_rooms
D:3:      wad_woods_tower, layout_basic, old_standard_altar,
          lemuel_crystal_altar, minmay_cupped
D:4:      minmay_diamond_boxcup, layout_loops_corners, skrybe_limestone_x,
          minmay_misc_feat_pillars, uniq_pargi, uniq_duvessa
D:5:      layout_basic, grunt_dithmenos_smoke, enter_ossuary_4
D:6:      layout_loops_corners, general_overflow_altar, amcnicky_altar_gilded,
          nicolae_gozag_cash_rules_everything_around_me, hangedman_decor_points,
          kennysheep_opposing_triangles
D:7:      layout_gridville, minmay_temple_entry_sparse_star, enter_bailey_2,
          chequers_avenue
D:8:      layout_cave_pods, makhleb_blood_cavern_becter,
          ebering_ghost_inner_flame, serial_co_window_serial, co_window_paths_a,
          co_window_paths_a, co_window_corner_a, co_window_corner_a,
          co_window_paths_b, co_window_paths_c, co_window_of_opportunity_c,
          co_window_broadway_b, co_window_corner_b, co_window_paths_c,
          co_window_of_opportunity_b, glass_columns_a, minmay_misc_feat_columns,
          minmay_starry_boxes
D:9:      minmay_twisted_water, layout_loops_ring, elyvilon_altar_4,
          uniq_amaemon
D:10:     layout_cave_pods, kennysheep_vampire_church, jmf_multi_god_temple,
          mainiacjoe_overflow_two_lobes, special_room [special_room_orc]
D:11:     layout_stronghold, erik_lair_island, okawaru_metal_pillars_1_2
D:12:     layout_loops_corners, zombieorc2_lemuel, serial_shops,
          nicolae_shop_overgrown_old_shop, shop, shop, nicolae_custom_books,
          uniq_nessos
D:13:     layout_basic, david_vaults_4
D:14:     layout_basic, uniq_josephine
D:15:     gammafunk_depths_entry_grave, layout_small_grid,
          gauntlet_entry_generic, nicolae_ru_awakened_eye
Temple:   kb_corrupted_temple
Lair:1:   statuecave_lemuel, layout_small_grid
Lair:2:   layout_cave_pods, minmay_shattered_shrine, lemuel_fruit_tree,
          grunt_megastairs_4
Lair:3:   layout_long_grid, skrybe_swamp_entry_bodies,
          minmay_snake_entry_guardpost_medium, kennysheep_snail_temple
Lair:4:   layout_regular_city
Lair:5:   evilmike_catoblepas_cave, layout_regular_city,
          nicolae_slime_entry_slimehenge, kilobyte_rumbling_trees
Snake:1:  layout_gridlike, grunt_megastairs_5, uniq_azrael, uniq_aizul
Snake:2:  layout_cave_pods, nicolae_shop_clearance, serial_bayou_shore_b,
          uniq_donald, uniq_vashnia
Snake:3:  layout_onion, nicolae_snake_dead_anacondas, uniq_nikola
Snake:4:  grunt_snake_rune_pools, layout_concentric_octagons, basic_altar,
          minmay_shoptagon
Orc:1:    layout_diamond_mine, lightli_church_of_beogh, uniq_nergalle
Orc:2:    grunt_orc_tribal_feast, layout_caves

Skill      XL: |  1  2  3  4  5  6  7  8  9 10 11 12 13 14 15 16 17 |
---------------+----------------------------------------------------+-----
Fighting       | 2 3 4 6 7 9 10 11 12 13 | 13.0
Unarmed Combat | 4 5 6 8 9 10 11 12 13 14 15 | 15.0
Shapeshifting  | 4 8 9 10 11 13 14 15 | 15.7
Invocations    | 4 5 7 8 |  8.0
Stealth        | 1 3 |  3.0
Shields        | 4 |  4.0
Dodging        | 5 8 9 10 | 10.8
Translocations | 6 11 | 11.0
Spellcasting   | 2 6 |  6.0

Action                     |  1- 3 |  4- 6 |  7- 9 | 10-12 | 13-15 | 16-18 || total
---------------------------+-------+-------+-------+-------+-------+-------++-------
  Melee: Unarmed           |   113 |   135 |   425 |   602 |  1251 |   438 ||  2964
         Tailslap          |    17 |    13 |    50 |   111 |   264 |    59 ||   514
         Punch             |     2 |     2 |    21 |    36 |    19 |    41 ||   121
         Maw               |       |       |       |   149 |   319 |       ||   468
         Bite              |       |       |       |       |    26 |    59 ||    85
  Throw: Dart              |       |       |     4 |    13 |       |       ||    17
   Cast: Manifold Assault  |       |       |       |       |       |    28 ||    28
 Invoke: Heroism           |       |       |       |     2 |     6 |       ||     8
         Finesse           |       |       |       |     1 |     4 |     1 ||     6
  Evoke: Wand              |       |       |       |     3 |     8 |     2 ||    13
    Use: Scroll            |       |       |     7 |    15 |     9 |     4 ||    35
         Potion            |       |       |       |     1 |       |     4 ||     5
   Stab: Sleeping          |     1 |       |     1 |     1 |    10 |     1 ||    14
         Distracted        |       |       |       |     3 |       |     1 ||     4
         Invisible         |       |       |       |     1 |     4 |     2 ||     7
 Armour: Skin              |    46 |    30 |   193 |   202 |   261 |   182 ||   914
  Dodge: Dodged            |    63 |    83 |   257 |   310 |   876 |   312 ||  1901
  Block: Buckler           |       |       |       |    45 |   293 |       ||   338
   Form: Maw               |       |       |       |     2 |       |       ||     2
         Beast             |       |       |       |     1 |       |       ||     1
         Dragon            |       |       |       |       |     1 |       ||     1

Table legend: (Time is in decaauts)
 A = Elapsed time spent in this place.
 B = Non-inter-level travel time spent in this place.
 C = Inter-level travel time spent in this place.
 D = Time resting spent in this place.
 E = Time spent auto-exploring this place.
 F = Levels seen in this place.
 G = Mean time per level.
                   A        B        C        D        E       F      G
               +--------+--------+--------+--------+--------+-----+--------+
         Total |  35886 |  34422 |   1464 |   9609 |  17531 |  29 | 1237.4 |
       Dungeon |  18280 |  17768 |    512 |   4219 |  10002 |  15 | 1218.7 |
        Temple |     34 |     13 |     21 |      0 |      0 |   1 |   34.0 |
          Lair |   9361 |   8637 |    724 |   2275 |   4352 |   5 | 1872.2 |
     Snake Pit |   5926 |   5822 |    104 |   2447 |   2345 |   4 | 1481.5 |
  Orcish Mines |   1215 |   1113 |    102 |    117 |    658 |   2 |  607.5 |
       Ossuary |    280 |    280 |      0 |    100 |     38 |   1 |  280.0 |
        Bailey |    787 |    787 |      0 |    450 |    136 |   1 |  787.0 |
               +--------+--------+--------+--------+--------+-----+--------+

Top non-repeatable levels by time:
  Lair:5: 2712 daAuts
     D:8: 2123 daAuts
  Lair:2: 2047 daAuts
 Snake:2: 2045 daAuts
    D:10: 1940 daAuts
  Lair:3: 1906 daAuts
 Snake:3: 1831 daAuts
    D:11: 1636 daAuts
     D:7: 1549 daAuts
  Lair:1: 1413 daAuts
     D:6: 1375 daAuts
     D:9: 1373 daAuts
     D:3: 1304 daAuts
  Lair:4: 1281 daAuts
    D:12: 1123 daAuts
